[Event "Titled Tuesday Blitz July 25 Late 2023"]
[White "Senft, Sean"]
[Black "Fiorito, Francisco"]
[WhiteFideId "2044960"]
[BlackFideId "180165"]
[WhiteElo "2346"]
[BlackElo "2533"]
[Result "0-1"]
[Round "10"]
[TimeControl "180+2"]
[Date "2023.07.25"]
[WhiteClock "0:00:08"]
[BlackClock "0:00:25"]
[Board "58"]

1. d4 Nf6 2. c4 c5 3. d5 b5 4. Qc2 a6 5. e4 d6 6. Nc3 g6 7. f4 Bg7 8. Nf3 O-O 9. Bd3 e6 10. O-O exd5 11. exd5 bxc4 12. Bxc4 Nbd7 13. f5 Nb6 14. Nd2 Bxf5 15. Rxf5 gxf5 16. Qxf5 Nxc4 17. Nxc4 h6 18. Bf4 Ne8 19. Ne4 Qc8 20. Nexd6 Nxd6 21. Nxd6 Qxf5 22. Nxf5 Bxb2 23. Rb1 Bf6 24. Nxh6+ Kh7 25. Rb7 Kg6 26. h3 c4 27. Ng4 Bd4+ 28. Kf1 Rfe8 29. d6 Rad8 30. Rc7 c3 31. Nh2 Be5 32. Bxe5 Rxe5 33. Rxc3 Rxd6 34. Nf3 Ra5 35. Rc2 Rb5 36. Kf2 f6 37. h4 Rb4 38. Kg3 a5 39. Rc5 a4 40. Ra5 f5 41. h5+ Kxh5 42. Rxf5+ Kg6 43. Rc5 Ra6 44. Rc2 a3 45. Kf2 Rb2 46. Rd2 Rd6 47. Ke3 Rdxd2 48. Nxd2 Rxa2 49. Nc4 Re2+ 50. Kxe2 a2 51. Ne5+ Kf5 52. Nf3 a1=Q 53. Kf2 Qa7+ 54. Kg3 Qc7+ 55. Kf2 Kg4 56. Ng1 Qc5+ 57. Kf1 Qe3 58. Ne2 Kf5 59. Ng1 Ke4 60. Ne2 Kd3 61. Ng1 Qe8 62. Nf3 Ke3 63. Kg1 Qa8 64. Kh2 Qb8+ 65. Kg1 Kf4 66. Kf2 Qb2+ 67. Kf1 Kg3 68. Ne1 Qf2# 0-1


[Site "https://www.chess.com"]

[Event "Titled Tuesday Blitz July 25 Late 2023"]
[White "Martins, Bruno Andre Leite"]
[Black "Osmonbekov, Talaibek"]
[WhiteFideId "1942255"]
[BlackFideId "2017253"]
[WhiteElo "2529"]
[BlackElo "2209"]
[Result "1-0"]
[Round "10"]
[TimeControl "180+2"]
[Date "2023.07.25"]
[WhiteClock "0:00:22"]
[BlackClock "0:00:00"]
[Board "59"]

1. d4 e6 2. e4 d5 3. exd5 exd5 4. Nf3 Nf6 5. Nc3 c6 6. Bf4 Bd6 7. Qd2 Qc7 8. Ne5 Bf5 9. O-O-O O-O 10. f3 Nbd7 11. g4 Be6 12. Nd3 b5 13. h4 Nb6 14. Bxd6 Qxd6 15. Qf4 Qxf4+ 16. Nxf4 Bd7 17. g5 Ne8 18. Nd3 Nd6 19. Ne2 Nbc4 20. Nc5 Bf5 21. Ng3 Rfe8 22. Bxc4 Nxc4 23. Nxf5 g6 24. Nh6+ Kg7 25. Ng4 Re2 26. b3 Na3 27. Rd2 Rae8 28. Ne5 Re3 29. h5 gxh5 30. Rxh5 Re1+ 31. Rd1 Re2 32. Rdh1 Rxc2+ 33. Kd1 Rh8 34. R1h2 1-0


[Site "https://www.chess.com"]

[Event "Titled Tuesday Blitz July 25 Late 2023"]
[White "campochess"]
[Black "Sargsyan, Anna M."]
[BlackFideId "13308130"]
[WhiteElo "2216"]
[BlackElo "2565"]
[Result "0-1"]
[Round "10"]
[TimeControl "180+2"]
[Date "2023.07.25"]
[WhiteClock "0:00:00"]
[BlackClock "0:00:46"]
[Board "60"]

1. d4 d5 2. Bg5 f6 3. Bc1 Be6 4. e3 Bf7 5. Nd2 e5 6. c4 c6 7. cxd5 cxd5 8. Ne2 Nc6 9. Nc3 Bd6 10. Bb5 Ne7 11. e4 exd4 12. Nxd5 Nxd5 13. exd5 Bxd5 14. O-O O-O 15. Bc4 Bxc4 16. Nxc4 Kh8 17. Bd2 Bc7 18. Rc1 Qd5 19. Re1 Rae8 20. b3 Ne5 21. Bb4 Rg8 22. Ne3 Qd7 23. Nf1 Rd8 24. Qh5 Rge8 25. Ng3 d3 26. Red1 Bb6 27. Qf5 Qxf5 28. Nxf5 Ng4 29. Bc5 g6 30. Bxb6 axb6 31. Ng3 Re2 32. Rc3 Rxa2 33. Rcxd3 Rxd3 34. Rxd3 Nxf2 35. Rd7 Ng4 36. Nf1 Ra1 37. Re7 Kg8 38. h3 Kf8 39. Re2 Ne5 40. Rf2 Kf7 41. Kh2 Ra3 42. Rc2 Rxb3 43. Rc7+ Ke6 44. Rxh7 b5 45. Rxb7 f5 46. Ng3 Rb2 47. Rb6+ Kd5 48. Nf1 f4 49. Rb8 b4 50. Rd8+ Ke4 51. Nd2+ Ke3 52. Nf1+ Kf2 0-1


[Site "https://www.chess.com"]

[Event "Titled Tuesday Blitz July 25 Late 2023"]
[White "Vlassov, Nikolai"]
[Black "Liu, Casper"]
[WhiteFideId "4103360"]
[BlackFideId "1454153"]
[WhiteElo "2559"]
[BlackElo "2475"]
[Result "0-1"]
[Round "10"]
[TimeControl "180+2"]
[Date "2023.07.25"]
[WhiteClock "0:00:00"]
[BlackClock "0:00:08"]
[Board "61"]

1. e4 c5 2. c3 e5 3. Nf3 Nc6 4. Bc4 d6 5. O-O g5 6. d4 g4 7. Ng5 Nh6 8. dxc5 Be7 9. f4 exf4 10. Nxf7 Nxf7 11. Bxf7+ Kxf7 12. Bxf4 Kg7 13. cxd6 Bf6 14. Na3 Be6 15. Kh1 Qa5 16. Qd2 h5 17. Rae1 Ne5 18. Nc2 Bc4 19. Bxe5 Qxe5 20. Rf5 Qe8 21. e5 Bh4 22. e6 Bxe6 23. g3 Qc6+ 24. Kg1 Bxf5 25. gxh4 Rae8 26. Qg5+ Bg6 27. Re7+ Rxe7 28. Qxe7+ Bf7 29. Nd4 Qd5 30. d7 Rf8 31. a4 Kg8 32. b4 Bg6 0-1


[Site "https://www.chess.com"]

[Event "Titled Tuesday Blitz July 25 Late 2023"]
[White "MateoReyes"]
[Black "Ambartsumova, Karina"]
[BlackFideId "4166299"]
[WhiteElo "2472"]
[BlackElo "2550"]
[Result "0-1"]
[Round "10"]
[TimeControl "180+2"]
[Date "2023.07.25"]
[WhiteClock "0:00:14"]
[BlackClock "0:00:10"]
[Board "62"]

1. Nf3 Nf6 2. d4 d6 3. c4 g6 4. Nc3 Bg7 5. Bg5 O-O 6. e3 h6 7. Bh4 g5 8. Bg3 Nh5 9. Be2 Nxg3 10. hxg3 c5 11. Qc2 Nc6 12. Nxg5 f5 13. Nf3 cxd4 14. exd4 e5 15. dxe5 dxe5 16. Rd1 Qa5 17. Rd5 Qc7 18. Rd1 e4 19. Nd5 Qf7 20. Nh4 Be6 21. Nf4 Nd4 22. Rxd4 Bxd4 23. Nhg6 Rfe8 24. Rxh6 Bg7 25. Rh4 Rac8 26. Nxe6 Rxe6 27. Nf4 Rec6 28. b3 Qf6 29. Nd5 Qa1+ 30. Qd1 Qe5 31. Kf1 Rh6 32. Rxh6 Bxh6 33. Kg1 Rd8 34. Qe1 b6 35. Qb4 Bf8 36. Qa4 Qa1+ 37. Kh2 Qg7 38. Qc6 Rd6 39. Qc8 Rh6+ 40. Kg1 Qa1+ 41. Bf1 Qe5 42. Nf4 e3 43. f3 Qc5 44. Ne2 Qxc8 0-1


[Site "https://www.chess.com"]

[Event "Titled Tuesday Blitz July 25 Late 2023"]
[White "Perske, Thore"]
[Black "Fonseca Manrique, Enrique"]
[WhiteFideId "12902195"]
[BlackFideId "5114330"]
[WhiteElo "2467"]
[BlackElo "2545"]
[Result "1-0"]
[Round "10"]
[TimeControl "180+2"]
[Date "2023.07.25"]
[WhiteClock "0:00:19"]
[BlackClock "0:00:00"]
[Board "63"]

1. d4 Nf6 2. g3 g6 3. Bg2 Bg7 4. e4 O-O 5. Ne2 c5 6. dxc5 Qa5+ 7. Nbc3 Qxc5 8. O-O d6 9. h3 Qc7 10. Nf4 Nc6 11. Nfd5 Qd8 12. Re1 Be6 13. Bg5 Rc8 14. Qd2 Re8 15. Nxf6+ exf6 16. Bh6 Bh8 17. Rad1 Qb6 18. b3 Qa5 19. Nd5 Qxa2 20. Ra1 Qb2 21. Reb1 Qd4 22. Qxd4 Nxd4 23. Rxa7 Rxc2 24. Rxb7 Bxd5 25. exd5 Bg7 26. Be3 Nf5 27. Ba7 Ree2 28. b4 Bh6 29. b5 Nxg3 30. Bf3 Re5 31. fxg3 Rg5 32. Bf2 Rf5 33. Rb3 Kg7 34. b6 Re5 35. Rc7 f5 36. Rxc2 1-0


[Site "https://www.chess.com"]

[Event "Titled Tuesday Blitz July 25 Late 2023"]
[White "ExchangeAB"]
[Black "Bilan, Danila"]
[BlackFideId "24161918"]
[WhiteElo "2456"]
[BlackElo "2520"]
[Result "0-1"]
[Round "10"]
[TimeControl "180+2"]
[Date "2023.07.25"]
[WhiteClock "0:00:08"]
[BlackClock "0:00:08"]
[Board "64"]

1. d4 d5 2. Nc3 Nf6 3. Bf4 c6 4. e3 Bf5 5. f3 h6 6. g4 Bh7 7. h4 h5 8. g5 Nfd7 9. Bd3 Bxd3 10. Qxd3 g6 11. e4 e6 12. Nge2 Bg7 13. Nd1 O-O 14. e5 c5 15. c3 Nc6 16. Kf2 Rb8 17. Bd2 b5 18. Nf4 Qb6 19. Be3 Rfc8 20. Kg3 a5 21. Nf2 cxd4 22. cxd4 Nb4 23. Qb3 Nc2 24. Rad1 Nxe3 25. Qxe3 Nxe5 26. Rhe1 Nc4 27. Qe2 Nd6 28. Nxe6 Nf5+ 29. Kh3 Qd6 30. f4 fxe6 31. Qxe6+ Kh7 32. Qxd6 Nxd6 33. Re6 Nf5 34. Nd3 Rc7 35. Ne5 Bxe5 36. dxe5 Rd7 37. Rc1 d4 38. Kg2 d3 39. Kf2 d2 40. Rd1 Rc8 41. Ke2 Nd4+ 42. Kxd2 Nxe6+ 43. Ke1 Rxd1+ 44. Kxd1 Nxf4 0-1


[Site "https://www.chess.com"]

[Event "Titled Tuesday Blitz July 25 Late 2023"]
[White "Garakov, Mikhael"]
[Black "SergioMoralesG"]
[WhiteFideId "4169034"]
[WhiteElo "2519"]
[BlackElo "2451"]
[Result "1-0"]
[Round "10"]
[TimeControl "180+2"]
[Date "2023.07.25"]
[WhiteClock "0:00:28"]
[BlackClock "0:00:00"]
[Board "65"]

1. e4 c5 2. Nf3 e6 3. c4 Nc6 4. Nc3 Nf6 5. Be2 g6 6. d4 cxd4 7. Nxd4 Bg7 8. Be3 O-O 9. Ndb5 Qa5 10. O-O Ne8 11. a3 a6 12. b4 Qd8 13. Nd4 Qc7 14. Rc1 d6 15. Qd2 Bd7 16. Rfd1 Ne5 17. f4 Nc6 18. Nb3 Rd8 19. Na4 Qb8 20. Nb6 Bc8 21. Bf1 Nf6 22. Bd3 e5 23. Kh1 Ng4 24. Bg1 exf4 25. Nd5 Nce5 26. Be2 Be6 27. h3 Nf6 28. Qxf4 Bxd5 29. cxd5 Nh5 30. Bxh5 gxh5 31. Bb6 Ng6 32. Qf3 Rc8 33. Nd4 Rxc1 34. Rxc1 Qe8 35. Nf5 Be5 36. Qxh5 Qb5 37. Bd4 Qd3 38. Bxe5 Qd2 39. Qh6 1-0


[Site "https://www.chess.com"]

[Event "Titled Tuesday Blitz July 25 Late 2023"]
[White "Necromon"]
[Black "Plotkin, Victor"]
[BlackFideId "2606674"]
[WhiteElo "2446"]
[BlackElo "2497"]
[Result "1-0"]
[Round "10"]
[TimeControl "180+2"]
[Date "2023.07.25"]
[WhiteClock "0:00:14"]
[BlackClock "0:00:28"]
[Board "66"]

1. Nf3 d5 2. c4 d4 3. e3 c5 4. b4 dxe3 5. fxe3 cxb4 6. d4 e6 7. Bd3 Nf6 8. O-O Be7 9. Bb2 O-O 10. e4 Nc6 11. e5 Ne8 12. Qe2 g6 13. Nbd2 b6 14. Be4 Bb7 15. d5 exd5 16. cxd5 Bc5+ 17. Kh1 Na5 18. d6 Bxe4 19. Nxe4 Nc6 20. Rad1 Qd7 21. Qc4 Rc8 22. Nfg5 Nd8 23. Qd5 Ne6 24. Nxe6 fxe6 25. Rxf8+ Kxf8 26. Rf1+ Kg7 27. Qb3 Nc7 28. Nf6 Qb5 29. Rf3 Nd5 30. Nxd5 exd5 31. e6+ d4 32. Qd5 Rf8 33. Bxd4+ Kg8 34. e7+ Rf7 35. Qxf7# 1-0


[Site "https://www.chess.com"]

[Event "Titled Tuesday Blitz July 25 Late 2023"]
[White "Nunez V, Gustavo Eduardo"]
[Black "D`Arruda, Ricardo D."]
[WhiteFideId "4403690"]
[BlackFideId "100692"]
[WhiteElo "2422"]
[BlackElo "2489"]
[Result "1-0"]
[Round "10"]
[TimeControl "180+2"]
[Date "2023.07.25"]
[WhiteClock "0:00:45"]
[BlackClock "0:00:43"]
[Board "67"]

1. e4 c5 2. Nc3 e6 3. g3 Nc6 4. Bg2 Nf6 5. d3 Be7 6. Nge2 O-O 7. O-O Rb8 8. a4 a6 9. Bf4 d6 10. h3 b5 11. axb5 axb5 12. g4 h6 13. Ng3 Bb7 14. Qd2 Nd4 15. Be3 b4 16. Nce2 Nxe2+ 17. Qxe2 Nd7 18. f4 Bf6 19. Rab1 g6 20. f5 Bg5 21. f6 Nxf6 22. Bxg5 hxg5 23. Rf2 Nd7 24. Rbf1 Ne5 25. Qe3 Qe7 26. c3 f6 27. d4 cxd4 28. cxd4 Nc4 29. Qb3 d5 30. exd5 Bxd5 31. Bxd5 exd5 32. Re2 Qd6 33. Rfe1 Qf4 34. Qd3 f5 35. Rf1 Rbe8 36. Rxf4 gxf4 37. Rxe8 Rxe8 38. Nf1 Ne3 39. gxf5 gxf5 40. Nxe3 fxe3 41. Kf1 Re4 42. Ke2 f4 43. Qb3 Rxd4 44. Qa4 Rd2+ 45. Ke1 d4 46. Qe8+ Kg7 47. Qe5+ Kg6 48. Qxf4 b3 49. h4 Rxb2 50. Qxd4 Rh2 51. Qg4+ Kh7 52. Qf5+ Kg8 53. Qe6+ Kh7 54. Qe4+ Kg8 55. Qe8+ Kh7 56. Qd7+ Kg8 57. Qc8+ Kh7 58. Qc7+ 1-0


[Site "https://www.chess.com"]

[Event "Titled Tuesday Blitz July 25 Late 2023"]
[White "Tikhonov, Viacheslav"]
[Black "Bazilius, Augustinas"]
[WhiteFideId "44196407"]
[BlackFideId "12832251"]
[WhiteElo "2489"]
[BlackElo "2405"]
[Result "1-0"]
[Round "10"]
[TimeControl "180+2"]
[Date "2023.07.25"]
[WhiteClock "0:00:58"]
[BlackClock "0:00:48"]
[Board "68"]

1. d4 Nf6 2. c4 c5 3. d5 b5 4. cxb5 a6 5. bxa6 Bxa6 6. Nc3 g6 7. e4 Bg7 8. Be2 Qa5 9. Bd2 Qb6 10. Rb1 O-O 11. Nf3 e6 12. O-O Bxe2 13. Qxe2 Re8 14. Qd3 exd5 15. e5 Ng4 16. Nxd5 Qb7 17. Qe4 Ra7 18. Qxg4 Qxd5 19. a3 Nc6 20. Bc3 Nxe5 21. Nxe5 Bxe5 22. Rbd1 Qe6 23. Qf3 Bxc3 24. Qxc3 Qa2 25. Qxc5 Rc7 26. Qxc7 1-0


[Site "https://www.chess.com"]

[Event "Titled Tuesday Blitz July 25 Late 2023"]
[White "Yeritsyan, Hayk"]
[Black "DampFalcon"]
[WhiteFideId "13307320"]
[WhiteElo "2481"]
[BlackElo "2401"]
[Result "1-0"]
[Round "10"]
[TimeControl "180+2"]
[Date "2023.07.25"]
[WhiteClock "0:00:03"]
[BlackClock "0:00:02"]
[Board "69"]

1. d4 Nf6 2. Nf3 e6 3. e3 d5 4. Bd3 Bd6 5. Nbd2 c5 6. c3 Nc6 7. Qe2 Bd7 8. O-O Qc7 9. Re1 a6 10. dxc5 Bxc5 11. e4 dxe4 12. Nxe4 Nxe4 13. Bxe4 h6 14. b4 Bd6 15. Bb2 Rc8 16. a3 Ne7 17. Rad1 Bb5 18. Qd2 Bf4 19. Qd4 e5 20. Qa7 Nc6 21. Bxc6+ Bxc6 22. Nxe5 Bxe5 23. c4 f6 24. f4 O-O 25. fxe5 fxe5 26. Bxe5 Qf7 27. Qe3 Qxc4 28. Qg3 Rf7 29. h3 Re8 30. Kh2 Qc2 31. Bd4 Ref8 32. Rc1 Qa2 33. Rc3 Qd5 34. Be5 Re8 35. Rd3 Qa2 36. Rd6 Rfe7 37. Rxc6 bxc6 38. Bxg7 Rxg7 39. Rxe8+ Kh7 40. Qd3+ Rg6 41. Re7+ Kg8 42. Qxg6+ Kh8 43. Qg7# 1-0


[Site "https://www.chess.com"]

[Event "Titled Tuesday Blitz July 25 Late 2023"]
[White "Fiorito, Joaquin"]
[Black "Michalczak, Thomas"]
[WhiteFideId "180173"]
[BlackFideId "4622634"]
[WhiteElo "2746"]
[BlackElo "2478"]
[Result "0-1"]
[Round "10"]
[TimeControl "180+2"]
[Date "2023.07.25"]
[WhiteClock "0:00:04"]
[BlackClock "0:00:04"]
[Board "70"]

1. d4 Nf6 2. c4 e6 3. Nc3 d5 4. cxd5 exd5 5. Bg5 Nbd7 6. e3 c6 7. Bd3 Be7 8. Nf3 Nh5 9. Bxe7 Qxe7 10. O-O g6 11. Qc2 O-O 12. Rae1 Nhf6 13. Nd2 Re8 14. f3 Qd6 15. Nb3 a5 16. a4 b6 17. e4 dxe4 18. fxe4 Ng4 19. e5 Qb4 20. h3 Nh6 21. Kh1 Ba6 22. Bxa6 Rxa6 23. Ne4 Nf5 24. Qc3 Qxc3 25. bxc3 b5 26. g4 Nh6 27. Nbc5 Nxc5 28. Nf6+ Kf8 29. Nxe8 Kxe8 30. dxc5 bxa4 31. Ra1 Ra7 32. Rxa4 Re7 33. Re1 Kd7 34. Rxa5 Ke6 35. Rd1 Rc7 36. Ra6 Kxe5 37. Rd6 f5 38. Raxc6 Ra7 39. Ra6 Rc7 40. Rac6 Ra7 41. Rd4 fxg4 42. hxg4 Ra3 43. Rd7 Nxg4 44. Rc8 Rxc3 45. c6 Kf4 46. Kg2 Rc2+ 47. Kf1 Ne5 48. Rd6 Nf3 49. Rf8+ Kg3 50. Rxf3+ Kxf3 51. Rf6+ Ke3 52. Ke1 Rc1# 0-1


[Site "https://www.chess.com"]

[Event "Titled Tuesday Blitz July 25 Late 2023"]
[White "Korpics, Zsolt"]
[Black "Yu, Jennifer"]
[WhiteFideId "705241"]
[BlackFideId "2078341"]
[WhiteElo "2360"]
[BlackElo "2377"]
[Result "0-1"]
[Round "10"]
[TimeControl "180+2"]
[Date "2023.07.25"]
[WhiteClock "0:00:02"]
[BlackClock "0:00:04"]
[Board "71"]

1. e4 g6 2. d4 Bg7 3. Nc3 d6 4. h4 h5 5. Nf3 a6 6. Ng5 e6 7. Qf3 Qe7 8. Bd3 Bxd4 9. Be3 Bg7 10. O-O Nc6 11. Rfe1 Nf6 12. Qg3 O-O 13. Rad1 Ne5 14. Be2 Neg4 15. Bf4 b5 16. a3 Bb7 17. f3 Ne5 18. Kh1 Nfd7 19. Bf1 Rad8 20. Nh3 f6 21. Be3 Qf7 22. Nf4 Kh7 23. Qh3 Rde8 24. a4 b4 25. Na2 a5 26. c3 Bc6 27. cxb4 axb4 28. Nxb4 Bxa4 29. Rc1 c5 30. Na2 Bb3 31. Nc3 Rc8 32. Nb5 Qe7 33. Rc3 Ba4 34. Nxe6 Rfe8 35. Nf4 Bxb5 36. Bxb5 Nb6 37. Bf1 Qf7 38. Rd1 Rcd8 39. Rb3 Nbc4 40. Bg1 Na5 41. Ra3 Nac4 42. Rc3 Nxb2 43. Rc2 Nxd1 44. Nd5 c4 45. Be2 Nd3 46. Bxd1 Rb8 47. Rxc4 Rb1 48. Nc3 Rc1 49. Be3 Ra1 50. Kh2 Qxc4 51. Nd5 Rxd1 52. Qd7 Rf8 53. Ne7 Qc3 54. Bf4 Ne5 55. Bg3 Nxf3+ 56. gxf3 Qxf3 57. Qh3 Rh1# 0-1


[Site "https://www.chess.com"]

[Event "Titled Tuesday Blitz July 25 Late 2023"]
[White "Davidson, Kevin"]
[Black "Pinheiro, Iung Alicio de O."]
[WhiteFideId "2056810"]
[BlackFideId "2104350"]
[WhiteElo "2393"]
[BlackElo "2585"]
[Result "0-1"]
[Round "10"]
[TimeControl "180+2"]
[Date "2023.07.25"]
[WhiteClock "0:01:24"]
[BlackClock "0:01:15"]
[Board "72"]

1. e4 c5 2. Nf3 Nc6 3. d4 cxd4 4. Nxd4 e5 5. Nb5 d6 6. Bc4 Be7 7. O-O Nf6 8. Bg5 Nxe4 9. Bxe7 Qxe7 10. N1c3 Nxc3 11. Nxd6+ Kd7 12. bxc3 Qxd6 13. Qg4+ Kc7 14. Qxg7 Be6 15. Rfd1 Qe7 16. Bd5 Rag8 17. Qh6 Qg5 18. Qxg5 Rxg5 0-1


[Site "https://www.chess.com"]

[Event "Titled Tuesday Blitz July 25 Late 2023"]
[White "Golubev, Mikhail"]
[Black "Cooklev, Steven"]
[WhiteFideId "14100983"]
[BlackFideId "2050552"]
[WhiteElo "2534"]
[BlackElo "2380"]
[Result "0-1"]
[Round "10"]
[TimeControl "180+2"]
[Date "2023.07.25"]
[WhiteClock "0:00:00"]
[BlackClock "0:00:11"]
[Board "73"]

1. e4 c5 2. Nf3 Nc6 3. Nc3 Nf6 4. Bb5 Qc7 5. O-O Nd4 6. Bc4 e6 7. Re1 a6 8. e5 b5 9. exf6 bxc4 10. Nxd4 cxd4 11. Nd5 Qc6 12. fxg7 Bxg7 13. Qg4 Kf8 14. Nf4 Bb7 15. Nh5 Rg8 16. Nxg7 Rxg7 17. Qxg7+ Kxg7 18. f3 d3 19. cxd3 cxd3 20. b3 Qc5+ 21. Kh1 f6 22. Bb2 Qh5 23. Re3 Rc8 24. Rxd3 Bc6 25. Bc3 Kf7 26. Rd4 Bxf3 27. Rxd7+ Ke8 28. Rg7 Be4 29. Re1 f5 30. Bf6 Kf8 31. d3 Bd5 32. Rd7 Rc2 0-1


[Site "https://www.chess.com"]

[Event "Titled Tuesday Blitz July 25 Late 2023"]
[White "Rottenwohrer Suarez, Juan"]
[Black "Haitin, Ilja"]
[WhiteFideId "32068182"]
[BlackFideId "4501764"]
[WhiteElo "2515"]
[BlackElo "2378"]
[Result "1-0"]
[Round "10"]
[TimeControl "180+2"]
[Date "2023.07.25"]
[WhiteClock "0:00:03"]
[BlackClock "0:00:00"]
[Board "74"]

1. e4 b6 2. d4 Bb7 3. Nc3 e6 4. Nf3 Bb4 5. Bd3 Nf6 6. Qe2 d5 7. e5 Ne4 8. O-O Nxc3 9. bxc3 Bxc3 10. Rb1 Nc6 11. Qe3 Ba5 12. Ba3 Qd7 13. Qg5 h6 14. Qh4 g5 15. Nxg5 O-O-O 16. Nh7 Rdg8 17. Nf6 Qd8 18. Qf4 Rg5 19. g3 Bc3 20. Bb2 Bxb2 21. Rxb2 Qe7 22. Rb3 Rg7 23. Kg2 h5 24. h4 a6 25. c3 Na5 26. Rb2 Kb8 27. Rfb1 Ka7 28. Kf1 Bc6 29. Kg1 Nc4 30. Re2 Na3 31. Rbe1 Bb5 32. Bxb5 Nxb5 33. Qc1 Na3 34. Rd2 Nc4 35. Rde2 Rg6 36. Kg2 Rxf6 37. exf6 Qxf6 38. Qf4 Qe7 39. Kh2 Rg8 40. Kg2 Rg4 41. Qh6 Qxh4 42. Rh1 Qg5 43. Qxg5 Rxg5 44. Rh4 c5 45. Re1 cxd4 46. cxd4 b5 47. Reh1 b4 48. Rxh5 Rg4 49. Rh7 Rxd4 50. Rxf7+ Kb6 51. Rh6 Re4 52. Re7 Kb5 53. Rexe6 Rd4 54. Rxa6 Rd2 55. g4 Ne3+ 56. Kf3 Nf1 57. g5 d4 58. Rhb6+ Kc4 59. g6 Kd3 60. g7 Nh2+ 61. Kg2 Ng4 62. g8=Q Nxf2 63. Kg3 Ne4+ 64. Kh4 Nc3 65. Qg6+ Kc4 66. Kg5 Rg2+ 67. Kh6 Rxg6+ 68. Kxg6 d3 69. Kf5 d2 70. Rc6+ Kb5 71. Rd6 d1=Q 72. Rxd1 Nxd1 73. Re6 Nc3 74. Re5+ Kc4 75. Kf4 Nxa2 76. Ke3 Nc3 77. Kd2 Kb3 78. Re3 Kb2 79. Re8 b3 80. Rb8 Ne4+ 81. Kd3 Nf2+ 82. Kc4 Kc2 83. Rxb3 Ne4 84. Re3 Nd2+ 85. Kb4 Kd1 86. Kc3 Nb1+ 87. Kd3 Kc1 88. Re2 Na3 89. Ra2 Nb1 90. Rc2+ Kd1 91. Rh2 Kc1 92. Rg2 Na3 93. Rf2 1-0


[Site "https://www.chess.com"]

[Event "Titled Tuesday Blitz July 25 Late 2023"]
[White "Lalanne, Pablo"]
[Black "Toniutti, Ezio"]
[WhiteFideId "112151"]
[BlackFideId "113034"]
[WhiteElo "2372"]
[BlackElo "2491"]
[Result "0-1"]
[Round "10"]
[TimeControl "180+2"]
[Date "2023.07.25"]
[WhiteClock "0:00:03"]
[BlackClock "0:00:24"]
[Board "75"]

1. e4 e5 2. Nf3 Nc6 3. Bb5 a6 4. Ba4 d6 5. c4 g6 6. d4 Bd7 7. d5 Nce7 8. Nc3 Bg7 9. O-O h6 10. Re1 f5 11. exf5 gxf5 12. c5 Nf6 13. Bb3 e4 14. cxd6 cxd6 15. Nd4 O-O 16. Bf4 Ng4 17. h3 Ne5 18. Qd2 Kh7 19. Bxe5 dxe5 20. Nde2 Ng6 21. Rad1 Qh4 22. Qe3 Rad8 23. Qg3 Qf6 24. Qe3 f4 25. Qxe4 Bf5 26. Qc4 b5 27. Qc6 Qg5 28. f3 Nh4 29. g4 fxg3 30. Ne4 Nxf3+ 0-1


[Site "https://www.chess.com"]

[Event "Titled Tuesday Blitz July 25 Late 2023"]
[White "littlepinkyboy"]
[Black "Papayan, Oleg"]
[BlackFideId "4193911"]
[WhiteElo "2368"]
[BlackElo "2474"]
[Result "0-1"]
[Round "10"]
[TimeControl "180+2"]
[Date "2023.07.25"]
[WhiteClock "0:00:04"]
[BlackClock "0:00:17"]
[Board "76"]

1. Nf3 Nf6 2. g3 c5 3. Bg2 Nc6 4. O-O e5 5. c3 d5 6. d4 e4 7. Ne5 Bd6 8. Bf4 O-O 9. Nxc6 bxc6 10. Bxd6 Qxd6 11. dxc5 Qxc5 12. Nd2 e3 13. fxe3 Qxe3+ 14. Kh1 Ng4 15. Qe1 Re8 16. Bf3 Qh6 17. Bxg4 Bxg4 18. Rf2 Re5 19. Nf3 Bxf3+ 20. Rxf3 Rae8 21. Rf2 Qe6 22. Qg1 Rxe2 23. Raf1 Qe4+ 24. Qg2 Rxf2 25. Rxf2 Qb1+ 26. Rf1 Re1 27. Kg1 f5 28. Rxe1 Qxe1+ 29. Qf1 Qxf1+ 30. Kxf1 Kf7 31. Ke2 Ke6 32. Ke3 Ke5 33. h4 g6 34. b4 h6 35. a4 a6 36. Kf3 g5 37. h5 f4 38. g4 d4 39. c4 d3 40. a5 Kd6 41. Kf2 c5 42. b5 axb5 43. a6 Kc7 44. cxb5 c4 45. Ke1 c3 46. Kd1 f3 47. Ke1 c2 48. Kd2 f2 49. a7 Kb7 50. b6 f1=Q 51. Ke3 c1=Q+ 52. Kd4 Qff4+ 53. Kd5 Qcc4# 0-1


[Site "https://www.chess.com"]

[Event "Titled Tuesday Blitz July 25 Late 2023"]
[White "Gerbelli Neto, Eduardo"]
[Black "Dinu, Dumitru-Daniel"]
[WhiteFideId "2103281"]
[BlackFideId "1208403"]
[WhiteElo "2367"]
[BlackElo "2461"]
[Result "0-1"]
[Round "10"]
[TimeControl "180+2"]
[Date "2023.07.25"]
[WhiteClock "0:00:30"]
[BlackClock "0:01:19"]
[Board "78"]

1. e4 c5 2. Nc3 Nc6 3. f4 g6 4. Nf3 Bg7 5. Bc4 e6 6. f5 Nge7 7. fxe6 dxe6 8. d3 O-O 9. O-O Nd4 10. Bg5 h6 11. Be3 Nec6 12. Qd2 Nxf3+ 13. gxf3 Kh7 14. Bxc5 Bd4+ 15. Bxd4 Qxd4+ 16. Qf2 Qxf2+ 17. Kxf2 Ne5 18. Bb3 Rd8 19. Ke3 Nc6 20. Ne2 Kg7 21. c3 e5 22. f4 Bg4 23. Ng3 f6 24. fxe5 Nxe5 25. d4 Nc6 26. Bd1 Bxd1 27. Raxd1 Re8 28. Kd3 Rad8 29. Kc2 h5 30. h4 b5 31. a3 a5 32. Rg1 Kf7 33. Rdf1 b4 34. Rf3 bxa3 35. bxa3 Rxd4 36. Rxf6+ Kxf6 37. cxd4 Nxd4+ 38. Kd3 Rd8 39. Kc4 Ke5 40. Nf1 Rc8+ 41. Kd3 Ne6 42. Nd2 Nf4+ 43. Ke3 Rc3+ 44. Kf2 Nh3+ 45. Kg2 Nxg1 46. Kxg1 Rc1+ 47. Kf2 Rc2 48. Ke3 Rxd2 49. Kxd2 Kxe4 0-1


[Site "https://www.chess.com"]

[Event "Titled Tuesday Blitz July 25 Late 2023"]
[White "Balla, Tamas-Kristof"]
[Black "arturdailima"]
[WhiteFideId "1208497"]
[WhiteElo "2452"]
[BlackElo "2339"]
[Result "1/2-1/2"]
[Round "10"]
[TimeControl "180+2"]
[Date "2023.07.25"]
[WhiteClock "0:00:19"]
[BlackClock "0:00:05"]
[Board "79"]

1. e4 c5 2. c3 d5 3. exd5 Qxd5 4. d4 Nf6 5. Nf3 e6 6. Be3 Nc6 7. Bd3 cxd4 8. cxd4 Be7 9. Nc3 Qd8 10. O-O O-O 11. Qe2 Nb4 12. Bb1 b6 13. a3 Nbd5 14. Bd3 Bb7 15. Ne5 h6 16. Rad1 Rc8 17. Nxd5 Qxd5 18. f3 Qd8 19. Qf2 Nd5 20. Bc1 Qd6 21. Qg3 Kh8 22. Qh3 Kg8 23. Rfe1 f5 24. Ng6 Rf6 25. Ne5 Bc6 26. Qh5 Be8 27. Qh3 Bf7 28. Nxf7 Rxf7 29. Re5 Bf6 30. Re2 Bxd4+ 31. Kh1 Bf6 32. Rde1 e5 33. Bxf5 Nf4 34. Qg4 Nxe2 35. Bxc8 Nxc1 36. Rxc1 Rc7 37. Be6+ Kf8 38. Re1 h5 39. Qf5 Rc5 40. Bb3 Ke7 41. Qg6 Qd2 42. Qf7+ Kd6 43. Rd1 Rc1 44. Qf8+ Kc7 45. Qf7+ Kc6 46. Qe6+ Kb7 47. Qf7+ Ka6 48. Qc4+ Rxc4 49. Rxd2 Rc1+ 50. Rd1 Rxd1+ 51. Bxd1 e4 52. fxe4 Bxb2 53. a4 Ka5 54. g3 g6 55. Kg2 a6 56. Kf3 Be5 57. h3 b5 58. axb5 axb5 59. Bb3 g5 60. Bf7 h4 61. gxh4 gxh4 62. Kg4 Bg3 63. Kf5 Kb6 64. e5 Kc7 65. e6 Kd6 66. Kf6 Be5+ 67. Kg5 Bg3 68. Bg8 Ke7 69. Kg4 b4 70. Bh7 Kxe6 71. Bb1 Ke5 72. Ba2 Kd4 73. Kf3 Kc3 74. Be6 Kd2 75. Kg2 Kc2 76. Kh1 b3 77. Bxb3+ Kxb3 78. Kg1 Kc3 79. Kh1 Kd3 80. Kg1 Ke3 81. Kh1 Kf3 82. Kg1 Bf4 83. Kh1 Bd2 84. Kg1 Bc3 85. Kh1 Kg3 86. Kg1 Bd2 87. Kh1 Be1 88. Kg1 Bf2+ 89. Kh1 Be1 90. Kg1 Bb4 91. Kh1 Kf2 92. Kh2 Kf1 93. Kh1 Bc5 94. Kh2 Bg1+ 95. Kh1 Bf2 96. Kh2 Bg1+ 97. Kh1 Ba7 98. Kh2 Bb8+ 99. Kh1 Bc7 1/2-1/2


[Site "https://www.chess.com"]

[Event "Titled Tuesday Blitz July 25 Late 2023"]
[White "Tsyhanchuk, Stanislav"]
[Black "Moore, Nicholas"]
[WhiteFideId "13505130"]
[BlackFideId "4303709"]
[WhiteElo "2334"]
[BlackElo "2444"]
[Result "0-1"]
[Round "10"]
[TimeControl "180+2"]
[Date "2023.07.25"]
[WhiteClock "0:00:00"]
[BlackClock "0:00:42"]
[Board "80"]

1. c4 c6 2. Nc3 d5 3. e3 Nf6 4. Nf3 e6 5. b3 Bd6 6. Bb2 O-O 7. d4 Nbd7 8. Bd3 b6 9. O-O Bb7 10. Qc2 Qe7 11. Ne2 c5 12. Ne5 Rac8 13. f4 cxd4 14. exd4 dxc4 15. bxc4 Rfd8 16. Ng3 Nf8 17. Qe2 Ba3 18. Bxa3 Qxa3 19. Qe3 Qb2 20. Ne2 Qb4 21. Rab1 Qa4 22. f5 exf5 23. Bxf5 Rc7 24. d5 Re7 25. Nf4 N8d7 26. Nfd3 Nxe5 27. Nxe5 Rde8 0-1


[Site "https://www.chess.com"]